 Dungeon Sprint DCSS version 0.31-a0-1-g4198be8af4 (webtiles) character file.

Game seed: 13375995004485520039

5 sircluck the Chopper (level 1, -2/33 HPs)
             Began as a Hill Orc Berserker on May 2, 2023.
             Was a Believer of Trog.
             Slain by a scorpion (6 damage)
             ... in the Dungeon (Sprint IX: "|||||||||||||||||||||||||||||").
             The game lasted 00:00:07 (39 turns).

sircluck the Chopper (Hill Orc Berserker)             Turns: 39, Time: 00:00:08

Health: -2/33      AC:  2    Str: 19    XL:     1   Next: 80%
Magic:  1/1        EV: 12    Int:  7    God:    Trog [**....]
Gold:   0          SH:  0    Dex: 10    Spells: 0/0 levels left

rFire   . . .        a - +0 hand axe
rCold   . . .        (no shield)
rNeg    . . .        b - +0 animal skin
rPois   .            (no helmet)
rElec   .            (no cloak)
rCorr   .            (no gloves)
SInv    .            (no boots)
Will    .....        (no amulet) Stlth
                     (no ring)
HPRegen 0.25/turn    (no ring)
MPRegen 0.07/turn

%: no teleportation
@: berserking, lethally poisoned (-2 -> -6), very quick
A: no striking features
a: Renounce Religion, Berserk, Trog's Hand


You were in the Dungeon.
You worshipped Trog.
Trog was pleased with you.
You visited 1 branch

Inventory:

Hand Weapons
 a - a +0 hand axe (weapon)
Armour
 b - a +0 animal skin (worn)
Scrolls
 h - a scroll of blinking
Potions
 c - a potion of curing
 d - a potion of heal wounds
 e - a potion of haste
 f - 2 potions of magic
 g - a potion of berserk rage


   Skills:
 + Level 4.4 Fighting
 + Level 5.0 Axes
 + Level 2.4 Armour
 + Level 1.8 Dodging


You couldn't memorise any spells.
You didn't know any spells.
Your spell library was empty.

Dungeon Overview and Level Annotations

Branches:
Dungeon (1/1)

Altars:


Message History

You feel yourself moving faster!
You feel mighty! The scorpion stings you.
You are poisoned.
The scorpion poisons you!
You barely miss the scorpion.
The scorpion is lightly wounded.
You feel very sick. The scorpion misses you.
You hit the scorpion.
The scorpion is moderately wounded.
You feel sick. The scorpion stings you.
You are too injured to fight recklessly!
You are too injured to fight recklessly!
You are too injured to fight recklessly!
You are too injured to fight recklessly!
You are too injured to fight recklessly!
You are too injured to fight recklessly!
You are too injured to fight recklessly!
You are too injured to fight recklessly!
You are too injured to fight recklessly!
You are too injured to fight recklessly!
You are too injured to fight recklessly!
You are too injured to fight recklessly!
Unknown command.
You are too injured to fight recklessly!
You are too injured to fight recklessly!
Unknown command.
You are too injured to fight recklessly!
You are too injured to fight recklessly!
You hit the scorpion.
The scorpion is heavily wounded.
You feel sick.
You closely miss the scorpion.
The scorpion is heavily wounded.
You feel sick. The scorpion stings you.
* * * LOW HITPOINT WARNING * * *
You hit the scorpion.
The scorpion is severely wounded.
* * * LOW HITPOINT WARNING * * *
You feel sick. The scorpion stings you.
You die...

▓.▓
▓.▓
▓.▓
▓)▓
▓.▓
▓.▓
▓.▓
▓.▓
▓@▓
▓s▓
▓h▓
▓S▓
▓l▓
▓O▓
▓.▓
▓+▓


You could see an ogre, a scorpion, an iguana, a hound and an adder.

Vanquished Creatures
  A ball python (D)
  A giant cockroach (D)
  A goblin (D)
  A kobold (D)
  A rat (D)
5 creatures vanquished.

Notes
Turn   | Place    | Note
-------+----------+-------------------------------------------
     0 | D        | sircluck the Hill Orc Berserker began the quest for the
                  | Orb.
     0 | D        | Reached XP level 1. HP: 19/19 MP: 1/1
    10 | D        | Reached ** piety under Trog
    18 | D        | Reached skill level 5 in Axes
    32 | D        | Noticed a scorpion
    32 | D        | Noticed a hound
    32 | D        | Noticed an iguana
    32 | D        | Noticed an ogre
    39 | D        | Slain by a scorpion

Illustrated notes

Levels and vault maps discovered:
D:        linesprint [early_d, line_temple, items_1, d_10, items_2, lair_1,
          lair_end, items_3, orc_1, orc_end, items_4, d_15, swamp_1, shoals_1,
          snake_1, spider_1, d_20, vaults_1, items_5, swamp_end, shoals_end,
          snake_end, spider_end, vaults_end, d_27, items_6, zot_1, zot_end,
          crypt_end, forest_end, elf_end, slime_end, tomb_end, abyss_end,
          pan_hell_end]

Skill      XL: |  1 |
---------------+----+-----
Fighting       | 4 |  4.4
Axes           | 5 |  5.0
Armour         | |  2.4
Dodging        | |  1.8

Action                     || total
---------------------------++-------
  Melee: Hand axe          ||    20
 Invoke: Berserk           ||     1
 Armour: Animal skin       ||     2
  Dodge: Dodged            ||    14

Table legend: (Time is in decaauts)
 A = Elapsed time spent in this place.
 B = Non-inter-level travel time spent in this place.
 C = Inter-level travel time spent in this place.
 D = Time resting spent in this place.
 E = Time spent auto-exploring this place.
 F = Levels seen in this place.
 G = Mean time per level.
                   A        B        C        D        E       F      G
               +--------+--------+--------+--------+--------+-----+--------+
         Total |     39 |     39 |      0 |      0 |     17 |   1 |   39.0 |
       Dungeon |     39 |     39 |      0 |      0 |     17 |   1 |   39.0 |
               +--------+--------+--------+--------+--------+-----+--------+

Top non-repeatable levels by time:
       D: 39 daAuts
